 Dungeon Crawl Stone Soup version 0.31.0-11-ge490571c62 (webtiles) character file.

Game seed: 18140101172987619791

61816 Minsecho the Thaumaturge (level 14, -21/65 (68) HPs)
             Began as a Spriggan Monk on Feb 3, 2024.
             Was the Champion of Wu Jian.
             Demolished by a broodmother (22 damage)
             ... on level 1 of the Spider Nest.
             The game lasted 01:31:41 (19779 turns).

Minsecho the Thaumaturge (Spriggan Monk)           Turns: 19779, Time: 01:31:41

HP:   -21/65 (68)   AC: 10    Str: 13    XL:     14   Next: 24%
MP:   24/42         EV: 24    Int: 15    God:    Wu Jian [******]
Gold: 1141          SH:  0    Dex: 19    Spells: 3/41 levels left

rFire   + + .        H - +3 dagger (venom)
rCold   + . .        (no shield)
rNeg    . . .        J - +0 robe {rC+}
rPois   .            b - +1 hat of Quantum Leap {rF+ MP+9 Int+4}
rElec   .            x - scarf {+Inv}
rCorr   .            (gloves unavailable)
SInv    +            (boots unavailable)
Will    +++..        w - amulet of regeneration
Stlth   +++++        E - ring of protection from fire
HPRegen 1.10/turn    C - ring of willpower
MPRegen 0.28/turn

%: no passive effects
@: ice-armoured, radiating poison, lightly drained, very quick
A: very small, no large weapons, unfitting armour, see invisible, speed 3,
strong 1, wild magic 1
a: Renounce Religion, Evoke Invisibility, Wall Jump, Serpent's Lash, Heavenly
Storm


You were on level 1 of the Spider Nest.
You worshipped Wu Jian.
Wu Jian was exalted by your worship.
You visited 4 branches of the dungeon, and saw 19 of its levels.
You also visited: Bailey.

You collected 1141 gold pieces.

Inventory:

Hand Weapons
 a - a +4 dagger of freezing
 H - a +3 dagger of venom (weapon)
Missiles
 B - 7 boomerangs
Armour
 b - the +1 hat of Quantum Leap (worn) {rF+ MP+9 Int+4}
   (You found it on level 10 of the Dungeon)

   Int+4:     It affects your intelligence (+4).
   rF+:       It protects you from fire.
   MP+9:      It affects your magic capacity (+9).
 x - a scarf of invisibility (worn)
 J - a +0 robe of cold resistance (worn)
 Q - +1 pearl dragon scales
Magical Staves
 z - a staff of alchemy
Jewellery
 w - an amulet of regeneration (around neck)
 C - a ring of willpower (right hand)
 E - a ring of protection from fire (left hand)
 M - a ring of magical power
 P - a ring of protection from fire
 R - a +6 ring of strength
 S - an amulet of the acrobat
Talismans
 v - a serpent talisman
 G - a maw talisman
Wands
 c - a wand of flame (1)
 d - a wand of roots (5)
 y - a wand of paralysis (10)
 N - a wand of polymorph (2)
Scrolls
 f - 7 scrolls of teleportation
 h - a scroll of silence
 n - 2 scrolls of immolation
 o - a scroll of fear
 r - 4 scrolls of fog
 t - 2 scrolls of blinking
 A - 2 scrolls of enchant weapon
 K - a scroll of amnesia
 L - 2 scrolls of brand weapon
Potions
 e - 4 potions of enlightenment
 g - a potion of heal wounds
 i - 2 potions of mutation
 j - a potion of brilliance
 k - 2 potions of might
 l - 3 potions of lignification
 m - 2 potions of attraction
 p - a potion of cancellation
 q - 3 potions of degeneration
 s - 5 potions of curing
 u - 3 potions of invisibility
 D - a potion of berserk rage
 I - a potion of magic
 O - a potion of haste


   Skills:
 + Level 5.1 Fighting
 + Level 8.5 Short Blades
 + Level 0.6 Throwing
 + Level 9.9 Dodging
 + Level 11.8 Stealth
 + Level 14.3 Spellcasting
 * Level 7.7 Hexes
 + Level 4.6 Translocations
 + Level 2.5 Fire Magic
 - Level 4.0 Ice Magic
 + Level 5.5 Air Magic
 + Level 11.4 Alchemy
 + Level 4.1 Evocations
 * Level 9.9 Shapeshifting


You had 3 spell levels left.
You knew the following spells:

 Your Spells              Type           Power      Damage    Failure   Level
a - Mercury Vapours       Alch/Air       94%        N/A       1%          2
b - Blink                 Tloc           64%        N/A       2%          2
c - Gell's Gravitas       Tloc           32%        N/A       4%          3
d - Olgreb's Toxic Radia  Alch           55%        N/A       1%          4
e - Tukima's Dance        Hex            44%        N/A       1%          3
f - Ozocubu's Armour      Ice            29%        N/A       6%          3
g - Freeze                Ice            100%       1d10      2%          1
h - Ignite Poison         Fire/Alch      41%        N/A       6%          4
i - Alistair's Intoxicat  Alch           36%        N/A       3%          5
j - Silence               Hex/Air        19%        N/A       17%         5
k - Eringya's Noxious Bo  Alch           27%        4d6       13%         6

Your spell library contained the following spells:

 Spells                   Type           Power      Damage    Failure   Level
 Apportation              Tloc           64%        N/A       1%          1
 Sting                    Conj/Alch      100%       1d9       1%          1
 Lesser Beckoning         Tloc           64%        N/A       2%          2
 Teleport Other           Tloc           32%        N/A       4%          3
 Static Discharge         Conj/Air       48%        3-5/arc   5%          2
 Frozen Ramparts          Ice            58%        1d9       6%          3
 Volatile Blastmotes      Fire/Tloc      56%        2d14      7%          3
 Magic Dart               Conj           56%        1d5       10%         1
 Necrotise                Necr           56%        1d6       10%         1
 Summon Small Mammal      Summ           56%        N/A       10%         1
 Hailstorm                Conj/Ice       21%        3d7       13%         3
 Call Imp                 Summ           28%        N/A       14%         2
 Searing Ray              Conj           28%        2d5       14%         2
 Fugue of the Fallen      Necr           14%        N/A       26%         3
 Sticky Flame             Fire/Alch      41%        2d8       6%          4
 Dimensional Bullseye     Hex/Tloc       19%        N/A       8%          4
 Airstrike                Air            17%        2d(3-19)  10%         4
 Fulminant Prism          Conj/Alch      18%        3d10      10%         4
 Manifold Assault         Tloc           32%        N/A       13%         4
 Passage of Golubria      Tloc           32%        N/A       13%         4
 Summon Lightning Spire   Summ/Air       24%        N/A       28%         4
 Iskenderun's Mystic Bla  Conj/Tloc      23%        2d6       32%         4
 Borgnjor's Vile Clutch   Necr/Erth      7%         N/A       90%         5
 Ignition                 Fire           12%        3d6       100%        8
 Lehudib's Crystal Spear  Conj/Erth      7%         10d3      100%        8


Dungeon Overview and Level Annotations

Branches:
Dungeon (12/15)            Temple (1/1) D:4            Lair (5/5) D:9
 Shoals (0/4) Lair:2       Spider (1/4) Lair:2        Slime (0/5) Lair:4
    Orc (0/2) D:9          Bailey (visited)

Altars:
Ashenzari
Cheibriados
Dithmenos
Elyvilon
Fedhas
Gozag
Hepliaklqana
Kikubaaqudgha
Makhleb
Nemelex Xobeh
Okawaru
Qazlal
Ru
Sif Muna
Trog
Uskayaw
Vehumet
Wu Jian
Xom
Yredelemnul
Zin
The Shining One
Jiyva

Shops:
D:11 (

Portals:
Abyss: Lair:1

Annotations:
D:8 3 runed translucent doors, Gadfly's ghost, novice DsMo
D:9 2 runed translucent doors, exclusion: orange crystal statue
Lair:1 2 transporters, Beischinu's ghost, journeyman MiFi


Innate Abilities, Weirdness & Mutations

You are very small and have problems with some larger weapons.
You are too small for most types of armour.
You have supernaturally acute eyesight. (SInv)
You cover ground extremely quickly. (Speed+++)
Your muscles are strong. (Str +4, Int/Dex -1)
Your spells are a little harder to cast, but a little more powerful.


Message History

The Council accepts your kill.
The broodmother seems to burn from within!!
The broodmother is moderately wounded.
The jumping spider seems to burn from within!!!
You kill the jumping spider!
The Council accepts your kill.
The redback seems to burn from within!!
You kill the redback!
The Council accepts your kill.
The broodmother is poisoned.
The tarantella is poisoned.
The wolf spider is poisoned.
The wolf spider hits you. The wolf spider completely misses you.
Casting: Ignite Poison (dangerous; 6% risk of failure)
Confirm with . or Enter, or press ? or * to list all spells.
A film of ice covers your body!
The tarantella looks even sicker.
The wolf spider looks even sicker.
Your toxic aura wanes.
Casting: Ozocubu's Armour (dangerous; 6% risk of failure)
Confirm with . or Enter, or press ? or * to list all spells.
You ignite the poison in your surroundings!
The broodmother seems to burn from within!
The broodmother is heavily wounded.
The wolf spider seems to burn from within!!!
You kill the wolf spider!
The Council accepts your kill.
The tarantella seems to burn from within!!
You kill the tarantella!
The Council accepts your kill.
Unknown command.
Casting: Ignite Poison (dangerous; 6% risk of failure)
Confirm with . or Enter, or press ? or * to list all spells.
You begin to radiate toxic energy.
The broodmother is poisoned.
The broodmother bites you!! The pharaoh ant bites you!!
* * * LOW HITPOINT WARNING * * *
You feel drained.
* * * LOW HITPOINT WARNING * * *
The pharaoh ant bites you!
* * * LOW HITPOINT WARNING * * *
The broodmother bites you!!
You die...

#.....##.#
........
.......
.....#
†...>#
#....##
##B....#
#s@#
#..###
#..# #.. .


You could see a broodmother (poisoned) and a pharaoh ant.

Vanquished Creatures
  Snorg (Lair:3)
  An ice dragon (Lair:3)
  2 vault guards (Bailey)
  A hydra (Lair:5)
  4 catoblepae
  3 two-headed ogres
  2 boulder beetles (Lair:5)
  13 death yaks
  A fire crab (Lair:3)
  A harpy (Lair:2)
  A wolf spider (Spider:1)
  2 manticores (Lair:5)
  19 elephants
  A meliai (Lair:2)
  4 black mambas
  8 cane toads
  7 komodo dragons
  2 rime drakes
  A troll (D:9)
  Prince Ribbit (Bailey)
  3 polar bears
  A tarantella (Spider:1)
  A hornet (D:5)
  8 blink frogs
  11 dream sheep
  2 jumping spiders (Spider:1)
  A shadow (D:10)
  A centaur simulacrum (D:11)
  A vampire (D:7)
  3 wyverns
  27 yaks
  2 wraiths
  3 humans (Bailey)
  3 basilisks
  2 steam dragons
  A redback (Spider:1)
  An acid dragon (D:9)
  21 water moccasins
  Duvessa (D:7)
  2 orc warriors
  An ogre (D:6)
  22 wolves
  14 centaurs
  2 phantoms (D:5)
  18 bullfrogs
  3 scorpions
  2 gnoll sergeants
  8 wights
  Dowan (D:7)
  13 killer bees
  An electric eel (Lair:5)
  6 howler monkeys
  4 bombardier beetles (D:5)
  3 hounds
  3 orc priests
  3 gnoll boudas
  4 iguanas
  15 orc wizards
  5 hell rats (Lair:1)
  27 gnolls
  13 adders
  6 white imps
  6 ufetubi
  3 dart slugs
  2 ribbon worms (D:3)
  35 orcs
  9 ball pythons
  6 bats
  4 endoplasms
  8 giant cockroaches
  8 goblins
  12 hobgoblins
  9 jackals
  3 quokkas
  2 frilled lizards (D:1)
  4 kobolds
  6 rats
461 creatures vanquished.

Notes
Turn   | Place    | Note
-------+----------+-------------------------------------------
     0 | D:1      | Minsecho the Spriggan Monk began the quest for the Orb.
     0 | D:1      | Reached XP level 1. HP: 11/11 MP: 2/2
   105 | D:1      | Reached XP level 2. HP: 16/16 MP: 3/3
   139 | D:1      | Reached skill level 1 in Stealth
   466 | D:1      | Reached XP level 3. HP: 19/19 MP: 4/4
  1083 | D:2      | You fall into a shaft and drop 2 floors!
  1106 | D:4      | Reached XP level 4. HP: 23/23 MP: 5/5
  1410 | D:4      | Found a staircase to the Ecumenical Temple.
  1411 | D:4      | Noticed a scorpion
  1419 | Temple   | Entered the Ecumenical Temple
  1433 | Temple   | Became a worshipper of the Wu Jian Council
  1433 | Temple   | Reached * piety under Wu Jian
  1433 | Temple   | Reached ** piety under Wu Jian
  1466 | Temple   | Gained mutation: You are weak. (Str -2) [potion of
                  | mutation]
  1466 | Temple   | Gained mutation: You have hidden genetic defects. [potion
                  | of mutation]
  1466 | Temple   | Gained mutation: Your mind is acute. (Int +4, Str/Dex -1)
                  | [potion of mutation]
  1595 | D:3      | Learned a level 2 spell: Mercury Vapours
  1660 | D:3      | Found an opulent altar of Gozag.
  1751 | D:2      | Reached skill level 5 in Dodging
  1797 | D:2      | Gained mutation: You are occasionally teleported next to
                  | monsters. [hidden defects]
  1798 | D:2      | Lost mutation: You are occasionally teleported next to
                  | monsters. [potion of mutation]
  1798 | D:2      | Lost mutation: Your mind is acute. (Int +4, Str/Dex -1)
                  | [potion of mutation]
  1798 | D:2      | Lost mutation: You have hidden genetic defects. [potion of
                  | mutation]
  1798 | D:2      | Lost mutation: You are weak. (Str -2) [potion of mutation]
  2050 | D:3      | Reached XP level 5. HP: 28/28 MP: 6/6
  2221 | D:3      | Noticed a centaur
  2550 | D:4      | Noticed a phantom
  2613 | D:3      | Reached skill level 1 in Alchemy
  2824 | D:3      | Found a hide-covered altar of Uskayaw.
  2970 | D:3      | Killed a centaur
  2971 | D:3      | Reached skill level 1 in Spellcasting
  2971 | D:3      | Reached skill level 1 in Air Magic
  2971 | D:3      | Reached XP level 6. HP: 20/32 MP: 8/8
  3266 | Temple   | Reached skill level 5 in Short Blades
  3422 | D:5      | Entered Level 5 of the Dungeon
  3679 | D:5      | Reached XP level 7. HP: 36/36 MP: 10/10
  3757 | D:5      | Reached *** piety under Wu Jian
  4506 | D:5      | Reached skill level 5 in Stealth
  4506 | D:5      | Reached skill level 2 in Spellcasting
  4772 | D:5      | Reached XP level 8. HP: 14/41 MP: 12/12
  4817 | D:5      | Reached skill level 3 in Spellcasting
  4938 | D:5      | Noticed a hornet
  4980 | D:5      | Learned a level 3 spell: Gell's Gravitas
  5079 | D:5      | Killed a hornet
  5080 | D:5      | Reached skill level 1 in Translocations
  5080 | D:5      | Reached skill level 1 in Evocations
  5704 | D:6      | Learned a level 2 spell: Blink
  5933 | D:6      | Reached skill level 4 in Spellcasting
  5990 | D:6      | Reached **** piety under Wu Jian
  6047 | D:6      | Reached XP level 9. HP: 38/45 MP: 8/16
  6316 | D:6      | Learned a level 4 spell: Olgreb's Toxic Radiance
  6476 | D:7      | Noticed Dowan
  6477 | D:7      | Noticed Duvessa
  6501 | D:7      | Killed Duvessa
  6503 | D:7      | Killed Dowan
  6732 | D:6      | Reached skill level 5 in Alchemy
  7066 | D:7      | Reached skill level 5 in Spellcasting
  7257 | D:8      | Found a runed translucent gate.
  7257 | D:8      | Found a runed translucent gate.
  7259 | D:8      | Found a runed translucent gate.
  7263 | D:8      | Noticed Gadfly's ghost (novice DsMo)
  7567 | D:8      | Identified the +1 hand axe of Disaster {venom, *Corrode
                  | rPois Str+4}
  7612 | D:8      | Found a bloodstained altar of Trog.
  7870 | D:8      | Found a stormy altar of Qazlal.
  7910 | D:8      | Reached skill level 1 in Shapeshifting
  8138 | D:9      | Found a flagged portal.
  8145 | Bailey   | Entered a bailey
  8252 | Bailey   | Reached skill level 6 in Spellcasting
  8252 | Bailey   | Reached XP level 10. HP: 41/50 MP: 9/20
  8331 | Bailey   | Noticed Prince Ribbit
  8338 | Bailey   | Noticed a vault guard
  8377 | Bailey   | Killed Prince Ribbit
  8467 | Bailey   | Killed a vault guard
  8468 | Bailey   | Reached skill level 7 in Spellcasting
  8583 | Bailey   | Noticed a vault guard
  8707 | Bailey   | Killed a vault guard
  8973 | D:9      | Found a glowing golden altar of the Shining One.
  8984 | D:9      | Found a runed translucent door.
  9040 | D:9      | Found a runed translucent door.
  9046 | D:9      | Found a shimmering blue altar of Sif Muna.
  9046 | D:9      | Found an ancient bone altar of Kikubaaqudgha.
  9108 | D:9      | Reached skill level 8 in Spellcasting
  9239 | D:9      | Found a snail-covered altar of Cheibriados.
  9487 | D:9      | Reached ***** piety under Wu Jian
  9511 | D:9      | Noticed a two-headed ogre
  9602 | D:9      | Found a staircase to the Orcish Mines.
  9625 | D:9      | Killed a two-headed ogre
  9626 | D:9      | Reached skill level 9 in Spellcasting
  9858 | D:9      | Found a runed translucent door.
  9873 | D:9      | Found a runed translucent door.
  9890 | D:9      | Reached XP level 11. HP: 26/54 MP: 25/25
 10067 | D:9      | Found a staircase to the Lair.
 10506 | D:9      | Reached skill level 5 in Air Magic
 10547 | D:9      | Reached skill level 5 in Shapeshifting
 10687 | D:9      | Noticed an orange crystal statue
 10716 | D:10     | Entered Level 10 of the Dungeon
 10800 | D:10     | Reached skill level 10 in Spellcasting
 10945 | D:10     | Identified the +1 hat of Quantum Leap {rF+ MP+9 Int+4}
 11174 | D:10     | Noticed a two-headed ogre
 11190 | D:10     | Killed a two-headed ogre
 11393 | D:10     | Found a burning altar of Makhleb.
 12033 | D:11     | Gained mutation: Your muscles are strong. (Str +4, Int/Dex
                  | -1) [potion of mutation]
 12033 | D:11     | Gained mutation: Your spells are a little harder to cast,
                  | but a little more powerful. [potion of mutation]
 12037 | D:11     | Found Cidel's Weapon Shop.
 12445 | D:12     | Noticed a two-headed ogre
 12487 | D:12     | Killed a two-headed ogre
 12554 | D:12     | Noticed a green ugly thing
 12758 | Lair:1   | Entered Level 1 of the Lair of Beasts
 12805 | Lair:1   | Found a one-way gate to the infinite horrors of the Abyss.
 12805 | Lair:1   | Noticed Beischinu's ghost (journeyman MiFi)
 12808 | Lair:1   | Noticed a brown very ugly thing
 12808 | Lair:1   | Noticed a green ugly thing
 12811 | Lair:1   | Found a transporter.
 12869 | Lair:1   | Learned a level 3 spell: Tukima's Dance
 12927 | Lair:1   | Reached skill level 11 in Spellcasting
 12953 | Lair:1   | Reached skill level 1 in Hexes
 13048 | Lair:1   | Reached XP level 12. HP: 58/58 MP: 28/28
 13189 | Lair:1   | Learned a level 3 spell: Ozocubu's Armour
 13259 | Lair:1   | Found a transporter.
 13576 | Lair:1   | Reached skill level 10 in Stealth
 14043 | Lair:2   | Found a basalt altar of Yredelemnul.
 14098 | Lair:2   | Noticed a death yak
 14100 | Lair:2   | Found a hole to the Spider Nest.
 14105 | Lair:2   | Reached skill level 1 in Ice Magic
 14107 | Lair:2   | Noticed a death yak
 14107 | Lair:2   | Noticed a death yak
 14149 | Lair:2   | Killed a death yak
 14168 | Lair:2   | Killed a death yak
 14221 | Lair:2   | Killed a death yak
 14756 | Lair:2   | Found a staircase to the Shoals.
 14778 | Lair:2   | Reached skill level 12 in Spellcasting
 15045 | Lair:3   | Noticed Snorg
 15050 | Lair:3   | Killed Snorg
 15051 | Lair:3   | Reached skill level 10 in Alchemy
 15146 | Lair:3   | Reached ****** piety under Wu Jian
 16438 | Lair:4   | Noticed a death yak
 16443 | Lair:4   | Noticed a death yak
 16448 | Lair:4   | Noticed a death yak
 16454 | Lair:4   | Reached XP level 13. HP: 63/63 MP: 30/30
 16475 | Lair:4   | Reached skill level 5 in Hexes
 16922 | Lair:4   | Learned a level 1 spell: Freeze
 16942 | Lair:3   | Learned a level 4 spell: Ignite Poison
 17135 | Lair:5   | Entered Level 5 of the Lair of Beasts
 17217 | Lair:5   | Reached skill level 13 in Spellcasting
 17546 | Lair:5   | Reached skill level 5 in Fighting
 17634 | Lair:5   | Reached skill level 1 in Fire Magic
 17863 | Lair:5   | Got an earthy gem with 230 turns to spare
 18431 | Lair:5   | Reached skill level 14 in Spellcasting
 18431 | Lair:5   | Reached XP level 14. HP: 68/68 MP: 33/33
 18615 | Lair:5   | Learned a level 5 spell: Alistair's Intoxication
 19160 | Lair:4   | Found a viscous altar of Jiyva.
 19160 | Lair:4   | Found a staircase to the Slime Pits.
 19525 | Lair:3   | Learned a level 5 spell: Silence
 19532 | Lair:3   | Learned a level 6 spell: Eringya's Noxious Bog
 19774 | Spider:1 | Entered Level 1 of the Spider Nest
 19774 | Spider:1 | Noticed a broodmother
 19779 | Spider:1 | HP: 1/65 [pharaoh ant (12)]
 19779 | Spider:1 | Demolished by a broodmother

Illustrated notes

Levels and vault maps discovered:
D:1:      dpeg_arrival_simpleton_c, layout_basic
D:2:      layout_rooms
D:3:      layout_loops_ring, lemuel_doored_altar,
          mainiacjoe_overflow_six_doors_small
D:4:      nicolae_BIG_FREAKIN_CUBE, layout_rooms,
          minmay_temple_entry_sparse_star
D:5:      layout_cave_pools, minmay_divided_ellipse
D:6:      layout_rooms
D:7:      layout_basic, uniq_duvessa
D:8:      layout_basic, mainiacjoe_overflow_swirl, gammafunk_ghost_spectres
D:9:      layout_loops_ring, nicolae_overflow_macrodata_refinement,
          david_lair_shrubbed, orc_0_dummy, enter_bailey_2,
          minmay_statue_crystal_thing
D:10:     layout_loops_ring, bloody_makhleb
D:11:     layout_basic, serial_shops, nicolae_shop_bloodbath_and_beyond
D:12:     layout_loops_cross, chequers_serial_rivers_micro_c
Temple:   nicolae_temple_bog_church
Lair:1:   layout_loops_ring, gammafunk_ghost_abyssal_escape,
          serial_bayou_shore_b
Lair:2:   layout_small_grid, mainiacjoe_shoals_entry_four_pools,
          hellmonk_spider_entry_not_the_bees, basic_altar
Lair:3:   layout_concentric_octagons, uniq_snorg
Lair:4:   layout_regular_city, slime_entry_1, fungi_pond_lemuel,
          bobbens_ice_dragon_lair, grunt_megastairs_5
Lair:5:   evilmike_catoblepas_cave, layout_gridlike, minmay_stone_trees_large
Spider:1: layout_cave_pods

Skill      XL: |  1  2  3  4  5  6  7  8  9 10 11 12 13 |
---------------+----------------------------------------+-----
Stealth        | 1 2 3 4 5 6 8 9 11 | 11.8
Short Blades   | 4 5 6 7 8 |  8.5
Dodging        | 5 6 7 8 9 |  9.9
Fighting       | 3 4 5 |  5.1
Alchemy        | 1 2 3 4 5 7 9 10 11 | 11.4
Spellcasting   | 1 2 4 6 9 11 12 14 | 14.3
Air Magic      | 1 2 3 4 5 |  5.5
Translocations | 2 3 4 |  4.6
Evocations     | 1 2 3 4 |  4.1
Shapeshifting  | 2 4 6 8 9 |  9.9
Hexes          | 1 4 7 |  7.7
Ice Magic      | 3 4 |  4.0
Fire Magic     | 2 |  2.5
Throwing       | |  0.6

Action                     |  1- 3 |  4- 6 |  7- 9 | 10-12 | 13-15 || total
---------------------------+-------+-------+-------+-------+-------++-------
  Melee: Short sword       |   167 |   111 |       |       |       ||   278
         Dagger            |       |   165 |   651 |   588 |   173 ||  1577
         Punch             |       |     1 |    11 |    11 |     4 ||    27
  Throw: Throwing net      |       |       |     4 |     3 |       ||     7
         Boomerang         |       |       |     2 |     1 |     2 ||     5
   Cast: Mercury Vapours   |       |       |    30 |    91 |    14 ||   135
         Blink             |       |       |     1 |     3 |    13 ||    17
         Olgreb's Toxic Ra |       |       |       |    75 |    47 ||   122
         Gell's Gravitas   |       |       |       |     5 |       ||     5
         Ozocubu's Armour  |       |       |       |     2 |     4 ||     6
         Ignite Poison     |       |       |       |       |    40 ||    40
         Freeze            |       |       |       |       |     3 ||     3
 Invoke: Serpent's Lash    |       |       |       |       |     1 ||     1
Ability: Lunge             |       |    11 |    27 |    47 |    11 ||    96
         Whirlwind         |       |     2 |   149 |   112 |    27 ||   290
         Wall Jump         |       |       |       |     1 |       ||     1
  Evoke: Wand              |       |     3 |    24 |    30 |    28 ||    85
    Use: Potion            |       |     2 |     6 |     1 |     2 ||    11
         Scroll            |       |     2 |     8 |     6 |     9 ||    25
   Stab: Sleeping          |       |     8 |     6 |    29 |     8 ||    51
         Held in net/web   |       |       |     2 |     4 |       ||     6
         Paralysed         |       |       |     3 |     4 |     3 ||    10
         Distracted        |       |       |       |     5 |       ||     5
 Armour: Robe              |    27 |    65 |   186 |   135 |    93 ||   506
         Skin              |       |       |    14 |       |       ||    14
  Dodge: Dodged            |   151 |   161 |   537 |   436 |   148 ||  1433
